 Dungeon Sprint DCSS version 0.27.1 (webtiles) character file.

Game seed: 5871528439738431241

4790 styxcanada the Imperceptible (level 10, -20/53 HPs)
             Began as a Spriggan Brigand on Aug 22, 2021.
             Was an Initiate of Gozag.
             Demolished by a spriggan rider (28 damage)
             ... in the Dungeon (Sprint IV: "Fedhas' Mad Dash").
             The game lasted 00:10:00 (964 turns).

styxcanada the Imperceptible (Spriggan Brigand)      Turns: 964, Time: 00:10:00

Health: -20/53     AC:  3    Str:  7    XL:     10   Next: 24%
Magic:  13/23      EV: 24    Int: 13    God:    Gozag
Gold:   1763       SH:  6    Dex: 20    Spells: 24/26 levels left

rFire    . . .     SeeInvis +   s - +1 short sword (freeze)
rCold    . . .     Faith    .   n - +0 buckler
rNeg     . . .     Spirit   .   b - +0 robe
rPois    .         Reflect  .   (helmet restricted)
rElec    .         Harm     .   c - +0 cloak
rCorr    .         Rampage  .   (gloves unavailable)
Will     +....     NoTele   +   (boots unavailable)
Stlth    ++++++++..             l - amulet of invisibility {+Inv}
HPRegen  0.17/turn              (no ring)
MPRegen  0.18/turn              (no ring)

@: gold aura, very slightly contaminated, very quick
A: very small, no large weapons, unfitting armour, see invisible, speed 3
a: Renounce Religion, Evoke Invisibility, Potion Petition, Call Merchant, Bribe
Branch


You were in the Dungeon.
You worshipped Gozag.
Gozag was most pleased with you.
You visited 1 branch You collected 2154 gold pieces.
You spent 391 gold pieces at shops.

Inventory:

Hand Weapons
 a - a +2 dagger
 m - a +0 hunting sling
 s - a +1 short sword of freezing (weapon)
Missiles
 d - 8 poisoned darts (quivered)
 e - 2 curare-tipped darts
Armour
 b - a +0 robe (worn)
 c - a +0 cloak (worn)
 n - a +0 buckler (worn)
 o - a +2 hat
Jewellery
 l - the amulet of invisibility (around neck) {+Inv}
   (You found it in the Dungeon)

   [amulet of nothing]

   +Inv:      It lets you turn invisible.
Wands
 p - a wand of polymorph (11)
 u - a wand of flame (17)
Scrolls
 f - a scroll of fear {unknown}
 k - a scroll of blinking
 r - 4 scrolls of identify
Potions
 g - 3 potions of heal wounds
 h - a potion of haste
 i - 2 potions of magic
 j - a potion of berserk rage
 q - a potion of lignification {unknown}
 t - 2 potions of curing


   Skills:
 * Level 6.4 Fighting
 + Level 6.4 Short Blades
 + Level 3.2 Throwing
 * Level 9.8 Dodging
 * Level 22.0 Stealth
 + Level 1.0 Shields
 * Level 8.8 Spellcasting
 * Level 7.5 Hexes
 * Level 5.1 Ice Magic
 * Level 10.9 Evocations


You had 24 spell levels left.
You knew the following spells:

 Your Spells              Type           Power      Damage    Failure   Level
a - Ensorcelled Hibernat  Hex/Ice        44%        N/A       2%          2

Your spell library contained the following spells:

 Spells                   Type           Power      Damage    Failure   Level
 Pain                     Necr           20%        1d5       21%         1
 Spider Form              Tmut/Pois      2%         N/A       52%         3
 Agony                    Necr           5%         N/A       99%         5
 Excruciating Wounds      Necr           2%         N/A       99%         5
 Summon Forest            Summ/Tloc      2%         N/A       99%         5
 Eringya's Noxious Bog    Tmut/Pois      2%         N/A       100%        6
 Shadow Creatures         Summ           N/A        N/A       100%        6
 Summon Hydra             Summ           2%         N/A       100%        7


Dungeon Overview and Level Annotations

Branches:
Dungeon (1/1)

Altars:
Cheibriados
Dithmenos
Elyvilon
Gozag
Hepliaklqana
Kikubaaqudgha
Makhleb
Nemelex Xobeh
Okawaru
Qazlal
Ru
Sif Muna
Trog
Uskayaw
Vehumet
Wu Jian
Xom
Yredelemnul
Zin
The Shining One
Beogh
Jiyva
Lugonu

Shops:
D [=?((


Innate Abilities, Weirdness & Mutations

You are very small and have problems with some larger weapons.
You are too small for most types of armour.
You have supernaturally acute eyesight. (SInv)
You cover ground extremely quickly. (Speed+++)


Message History

You closely miss the spriggan. The spriggan hits you with a +0 dagger!
The spriggan rider hits you from afar with a +0 spear!
* * * LOW HITPOINT WARNING * * *
There is an open door here.
Casting: Ensorcelled Hibernation (safe; 2% risk of failure)
Confirm with . or Enter, or press ? or * to list all spells.
Aiming: Ensorcelled Hibernation (safe; 2% risk of failure)
Press: ? - help, Shift-Dir - straight line, f - spriggan rider, p - spriggan
Aim: a spriggan rider, wielding a +0 spear (chance to affect: 2%)
The spriggan is unaffected.
The spriggan hits you with a +0 dagger.
* * * LOW HITPOINT WARNING * * *
You block the spriggan rider's attack.
Unknown command.
Casting: Ensorcelled Hibernation (safe; 2% risk of failure)
Confirm with . or Enter, or press ? or * to list all spells.
Aiming: Ensorcelled Hibernation (safe; 2% risk of failure)
Press: ? - help, Shift-Dir - straight line, f/p - spriggan rider
Aim: a spriggan rider, wielding a +0 spear (chance to affect: 2%)
The spriggan is unaffected.
The spriggan rider misses you. The spriggan completely misses you.
There is an open door here.
There is an open door here.
Casting: Ensorcelled Hibernation (safe; 2% risk of failure)
Confirm with . or Enter, or press ? or * to list all spells.
Aiming: Ensorcelled Hibernation (safe; 2% risk of failure)
Press: ? - help, Shift-Dir - straight line, f/p - spriggan rider
Aim: a spriggan rider, wielding a +0 spear (chance to affect: 2%)
The spriggan rider resists with almost no effort.
Casting: Ensorcelled Hibernation (safe; 2% risk of failure)
Confirm with . or Enter, or press ? or * to list all spells.
Aiming: Ensorcelled Hibernation (safe; 2% risk of failure)
Press: ? - help, Shift-Dir - straight line, f/p - spriggan rider
Aim: a spriggan rider, wielding a +0 spear (chance to affect: 2%)
The spriggan rider resists with almost no effort.
The spriggan rider completely misses you.
The spriggan is distracted by your dazzling golden aura.
The spriggan rider hits you with a +0 spear!!
Ouch! That really hurt!
You die...
Your body crumbles into a pile of gold.

#################################
P#....†#.....#.⌠._._._._.⌠.#.['.)
.'.....'.#.[.'.._._._._._..'..#..
P#...†.#.#...#..._._._._...#..###
###########'##.._._._._._..#.)##∩
♣........'...#._._._._._.⌠.######
...♣.....#...###################.
..♣..♣..######♣♣♣♣♣..♣.###.i..'..
###'######.|'...@i.♣..♣##..#..#.P
....'.......#♣.i♣♣♣.♣).###.##+##.
.[###.......#.♣♣..♣...♣i...# ##
### ########################


You could see a spriggan rider and a spriggan (unaware).

Vanquished Creatures
  A spriggan druid (D)
  6 oklob plants (D)
  A demonic crawler (D)
  3 burning bushes (D)
  3 wandering mushrooms (D)
  A queen bee (D)
  3 scorpions (D)
  4 killer bees (D)
  5 oklob saplings (D)
  2 spriggans (D)
  A river rat (D)
  A rat (D)
  A ballistomycete spore (D)
32 creatures vanquished.

Notes
Turn   | Place    | Note
-------+----------+-------------------------------------------
     0 | D        | styxcanada the Spriggan Brigand began the quest for the
                  | Orb.
     0 | D        | Reached XP level 1. HP: 10/10 MP: 2/2
     9 | D        | Reached skill level 8 in Stealth
     9 | D        | Reached XP level 2. HP: 15/15 MP: 3/3
    17 | D        | Noticed an oklob sapling
    19 | D        | Killed an oklob sapling
    20 | D        | Reached skill level 9 in Stealth
    20 | D        | Reached skill level 1 in Spellcasting
    20 | D        | Reached XP level 3. HP: 18/18 MP: 3/6
    51 | D        | Noticed a scorpion
    51 | D        | Found the amulet of invisibility {+Inv}
    53 | D        | Killed a scorpion
    54 | D        | Reached skill level 12 in Stealth
    54 | D        | Reached XP level 4. HP: 23/23 MP: 6/8
    78 | D        | Found an opulent altar of Gozag.
    78 | D        | Found a hazy altar of Hepliaklqana.
    78 | D        | Found a burning altar of Makhleb.
    78 | D        | Found a sparkling altar of Nemelex Xobeh.
    78 | D        | Found a snail-covered altar of Cheibriados.
    78 | D        | Found a sacrificial altar of Ru.
    78 | D        | Found a shimmering blue altar of Sif Muna.
    78 | D        | Found a shimmering altar of Xom.
    78 | D        | Found a basalt altar of Yredelemnul.
    79 | D        | Found a viscous altar of Jiyva.
    79 | D        | Found a bloodstained altar of Trog.
    79 | D        | Found an ornate altar of the Wu Jian Council.
    80 | D        | Found an iron altar of Okawaru.
    80 | D        | Found a shadowy altar of Dithmenos.
    80 | D        | Found a glowing silver altar of Zin.
    81 | D        | Found an ancient bone altar of Kikubaaqudgha.
    81 | D        | Found a hide-covered altar of Uskayaw.
    82 | D        | Found a stormy altar of Qazlal.
    82 | D        | Found a white marble altar of Elyvilon.
    82 | D        | Found a glowing golden altar of the Shining One.
    83 | D        | Became a worshipper of Gozag Ym Sagoz the Greedy
    84 | D        | Found a corrupted altar of Lugonu.
    84 | D        | Found a radiant altar of Vehumet.
    88 | D        | Reached skill level 13 in Stealth
    88 | D        | Reached XP level 5. HP: 28/28 MP: 6/10
   148 | D        | Reached skill level 14 in Stealth
   154 | D        | Reached skill level 5 in Dodging
   154 | D        | Reached skill level 1 in Evocations
   155 | D        | Reached skill level 15 in Stealth
   157 | D        | Reached XP level 6. HP: 33/33 MP: 9/13
   160 | D        | Learned a level 2 spell: Ensorcelled Hibernation
   182 | D        | Found Seyhege's Jewellery Shop.
   182 | D        | Found Repezig's Antique Armour Emporium.
   188 | D        | Bought a runed hat for 175 gold pieces
   199 | D        | Noticed a burning bush
   199 | D        | Noticed a wandering mushroom
   200 | D        | Noticed a wandering mushroom
   203 | D        | Killed a burning bush
   204 | D        | Reached skill level 16 in Stealth
   204 | D        | Reached skill level 5 in Spellcasting
   204 | D        | Reached skill level 1 in Ice Magic
   204 | D        | Killed a wandering mushroom
   205 | D        | Reached skill level 17 in Stealth
   205 | D        | Reached XP level 7. HP: 38/38 MP: 11/16
   205 | D        | Killed a wandering mushroom
   206 | D        | Reached skill level 18 in Stealth
   208 | D        | Reached skill level 5 in Evocations
   208 | D        | Reached XP level 8. HP: 42/42 MP: 12/18
   220 | D        | Found Ririotz's Antique Weapon Emporium.
   220 | D        | Found Xayriuss's Magic Scroll Shoppe.
   225 | D        | Bought 3 scrolls of identify for 78 gold pieces
   227 | D        | Bought a glowing short sword for 138 gold pieces
   291 | D        | Noticed a queen bee
   298 | D        | Killed a queen bee
   299 | D        | Reached skill level 19 in Stealth
   322 | D        | Reached skill level 5 in Fighting
   535 | D        | Noticed an oklob plant
   538 | D        | Killed an oklob plant
   539 | D        | Reached skill level 5 in Short Blades
   539 | D        | Reached skill level 5 in Hexes
   589 | D        | Noticed a burning bush
   592 | D        | Killed a burning bush
   593 | D        | Reached skill level 20 in Stealth
   593 | D        | Reached XP level 9. HP: 47/47 MP: 17/20
   652 | D        | Noticed a burning bush
   652 | D        | Noticed an oklob plant
   653 | D        | Noticed a wandering mushroom
   654 | D        | Killed a burning bush
   659 | D        | Killed an oklob plant
   663 | D        | Killed a wandering mushroom
   725 | D        | Noticed a spriggan druid
   727 | D        | Killed a spriggan druid
   728 | D        | Reached skill level 21 in Stealth
   791 | D        | Noticed an oklob plant conjurer
   792 | D        | Killed an oklob plant conjurer
   845 | D        | Noticed an oklob plant
   845 | D        | Noticed an oklob plant summoner
   846 | D        | Noticed an oklob plant shifter
   850 | D        | Killed an oklob plant
   851 | D        | Reached skill level 1 in Shields
   851 | D        | Reached skill level 10 in Evocations
   851 | D        | Reached XP level 10. HP: 53/53 MP: 21/23
   852 | D        | Killed an oklob plant summoner
   855 | D        | Killed an oklob plant shifter
   856 | D        | Reached skill level 5 in Ice Magic
   915 | D        | Reached skill level 22 in Stealth
   917 | D        | Noticed a spriggan rider
   918 | D        | Found Bumnassy's Weapon Emporium.
   964 | D        | Demolished by a spriggan rider

Illustrated notes

Levels and vault maps discovered:
D:        dungeon_sprint_fedhas [sprint_temple]

Skill      XL: |  1  2  3  4  5  6  7  8  9 10 |
---------------+-------------------------------+-----
Dodging        | 2 3 4 5 6 7 8 9 |  9.8
Stealth        | 8 9 12 13 15 17 18 20 21 22 | 22.0
Fighting       | 2 3 4 5 6 |  6.4
Spellcasting   | 1 2 3 4 5 6 7 8 |  8.8
Short Blades   | 3 4 5 6 |  6.4
Evocations     | 1 4 5 7 10 | 10.9
Hexes          | 3 4 5 7 |  7.5
Ice Magic      | 2 3 4 5 |  5.1
Throwing       | 3 |  3.2
Shields        | 1 |  1.0

Action                   |  1- 3 |  4- 6 |  7- 9 | 10-12 || total
-------------------------+-------+-------+-------+-------++-------
Melee: Dagger            |     4 |     7 |     2 |       ||    13
       Short sword       |       |       |    32 |     5 ||    37
 Cast: Ensorcelled Hiber |       |       |       |     7 ||     7
 Abil: Evoke Invisibilit |       |     3 |     8 |     1 ||    12
  Use: Potion            |       |       |     1 |       ||     1
 Stab: Sleeping          |     4 |     7 |    15 |     3 ||    29
       Invisible         |       |       |     2 |       ||     2
Dodge: Dodged            |       |       |    31 |     7 ||    38
Block: Buckler           |       |       |    10 |     1 ||    11
